PCL
MEXICO CITY CERVECEROS @ GRESHAM GOLD SOULS
05/14/2028
 
TOP OF THE 1ST
Mexico City Cerveceros batting - Pitching for Gresham Gold Souls : RHP Arturo Martínez
Pitching: RHP Arturo Martínez
Batting: SHB Richard Bowman 0-0: Swinging Strike
0-1: Swinging Strike
0-2: Foul Ball, location: 2F
0-2: Ball
1-2: Ground out 3-1 (Groundball, 34)
Batting: RHB Murai Ishihara 0-0: Foul Ball, location: 2F
0-1: Foul Ball, location: 2F
0-2: Ball
1-2: Ball
2-2: Foul Ball, location: 2F
2-2: Fly out, F8 (Flyball, 8RM)
Batting: RHB Hamilton Holbrook 0-0: Ball
1-0: Ground out 1-3 (Groundball, 13S)
Top of the 1st over - 0 run(s), 0 hit(s), 0 error(s), 0 left on base; Mexico City 0 - Gresham 0
BOTTOM OF THE 1ST
Gresham Gold Souls batting - Pitching for Mexico City Cerveceros : RHP Clarence Allen
Pitching: RHP Clarence Allen
Batting: LHB Ezechiele Bruno 0-0: DOUBLE (Line Drive, 9LS)
Batting: RHB Pablo Castillo 0-0: Ball
1-0: Ball
2-0: Foul Ball, location: 2F
2-1: Ground out 6-3 (Groundball, 6)
Batting: RHB Peter Hensley 0-0: Foul Ball, location: 2F
0-1: Foul Ball, location: 2F
0-2: Foul Ball, location: 2F
0-2: Ball
1-2: Foul Ball, location: 2F
1-2: Ball
2-2: SINGLE (Groundball, 56D)
Ezechiele Bruno to third
Runner from 3rd tries for Home, SAFE, throw made home
Batting: RHB Mario Méndez 0-0: Ball
1-0: Ball
2-0: DOUBLE (Line Drive, 7LM)
Peter Hensley to third
Batting: LHB Millard Dye 0-0: Ball
1-0: Ball
2-0: Ball
3-0: Called Strike
3-1: DOUBLE (Flyball, 8RD)
Peter Hensley scores
Mario Méndez scores
Batting: RHB Matt Davidson 0-0: Ball
1-0: Called Strike
1-1: Foul Ball, location: 2F
1-2: Strikes out swinging
Batting: RHB Elpidio Martinho 0-0: Called Strike
0-1: Ball
1-1: Ball
2-1: Called Strike
2-2: Ball
3-2: Foul Ball, location: 2F
3-2: 2-RUN HOME RUN (Flyball, 7LD), Distance : 368 ft
Batting: RHB Brian Dixon 0-0: Ball
1-0: Ball
2-0: Called Strike
2-1: Ball
3-1: Foul Ball, location: 2F
3-2: Foul Ball, location: 2F
3-2: Ground out 4-3 (Groundball, 4)
Bottom of the 1st over - 5 run(s), 5 hit(s), 0 error(s), 0 left on base; Mexico City 0 - Gresham 5
TOP OF THE 2ND
Mexico City Cerveceros batting - Pitching for Gresham Gold Souls : RHP Arturo Martínez
Batting: RHB Luis Peña 0-0: Ball
1-0: Ground out 4-3 (Groundball, 4)
Batting: RHB Dennis Stephenson 0-0: Ball
1-0: Foul Ball, location: 2F
1-1: Ground out 5-3 (Groundball, 56S)
Batting: LHB Gary Kern 0-0: Swinging Strike
0-1: Ball
1-1: Ground out 6-3 (Groundball, 6)
Top of the 2nd over - 0 run(s), 0 hit(s), 0 error(s), 0 left on base; Mexico City 0 - Gresham 5
BOTTOM OF THE 2ND
Gresham Gold Souls batting - Pitching for Mexico City Cerveceros : RHP Clarence Allen
Batting: RHB Gustavo Pagán 0-0: Foul Ball, location: 2F
0-1: Foul Ball, location: 2F
0-2: Ball
1-2: Ball
2-2: Ball
3-2: Base on Balls
Batting: LHB Ezechiele Bruno 0-0: Swinging Strike
0-1: Ball
1-1: Swinging Strike
1-2: Ball
2-2: DOUBLE (Line Drive, 7D)
Gustavo Pagán to third
Batting: RHB Pablo Castillo 0-0: Ball
1-0: Ball
2-0: Ball
3-0: Base on Balls
Batting: RHB Peter Hensley 0-0: Ball
1-0: Called Strike
1-1: Ball
2-1: Swinging Strike
2-2: Strikes out looking
Batting: RHB Mario Méndez 0-0: Called Strike
0-1: Swinging Strike
0-2: GRAND SLAM HOME RUN (Flyball, 9D), Distance : 401 ft
Pitching: LHP Albert Alonzo
Batting: LHB Millard Dye 0-0: Swinging Strike
0-1: SINGLE (Flyball, 8RS)
Batting: RHB Matt Davidson 0-0: Grounds into double play, 5-4-3 (Groundball, 5L)
Bottom of the 2nd over - 4 run(s), 3 hit(s), 0 error(s), 0 left on base; Mexico City 0 - Gresham 9
TOP OF THE 3RD
Mexico City Cerveceros batting - Pitching for Gresham Gold Souls : RHP Arturo Martínez
Batting: RHB Robinson Pacheco 0-0: Ball
1-0: Called Strike
1-1: Ball
2-1: Swinging Strike
2-2: Strikes out swinging
Batting: LHB David Monahan 0-0: Ground out 4-3 (Groundball, 4)
Batting: LHB Don Soper 0-0: Called Strike
0-1: Ground out 4-3 (Groundball, 4)
Top of the 3rd over - 0 run(s), 0 hit(s), 0 error(s), 0 left on base; Mexico City 0 - Gresham 9
BOTTOM OF THE 3RD
Gresham Gold Souls batting - Pitching for Mexico City Cerveceros : LHP Albert Alonzo
Batting: RHB Elpidio Martinho 0-0: Called Strike
0-1: Ball
1-1: Swinging Strike
1-2: Ground out 2-3 (Groundball, 15S)
Batting: RHB Brian Dixon 0-0: Ball
1-0: Swinging Strike
1-1: Swinging Strike
1-2: Strikes out swinging
Batting: RHB Gustavo Pagán 0-0: Ball
1-0: Called Strike
1-1: Ball
2-1: Swinging Strike
2-2: Ground out 5-3 (Groundball, 56)
Bottom of the 3rd over - 0 run(s), 0 hit(s), 0 error(s), 0 left on base; Mexico City 0 - Gresham 9
TOP OF THE 4TH
Mexico City Cerveceros batting - Pitching for Gresham Gold Souls : RHP Arturo Martínez
Batting: SHB Richard Bowman 0-0: Ball
1-0: Called Strike
1-1: Ball
2-1: Foul Ball, location: 2F
2-2: Foul Ball, location: 2F
2-2: Foul Ball, location: 2F
2-2: Fly out, F9 (Flyball, 9)
Batting: RHB Murai Ishihara 0-0: Swinging Strike
0-1: Swinging Strike
0-2: Ball
1-2: Ball
2-2: Ball
3-2: Base on Balls
Batting: RHB Hamilton Holbrook 0-0: Called Strike
0-1: Called Strike
Murai Ishihara steals 2nd base
0-2: Ball
1-2: Ball
2-2: Strikes out swinging
Batting: RHB Luis Peña 0-0: Called Strike
0-1: Swinging Strike
0-2: Ball
1-2: Ball
2-2: SINGLE (Groundball, 56) (infield hit)
Murai Ishihara to third
Batting: RHB Dennis Stephenson 0-0: Called Strike
0-1: Ball
1-1: Ball
2-1: Ball
3-1: Base on Balls
Luis Peña to second
Batting: LHB Gary Kern 0-0: Foul Ball, location: 2F
0-1: Ball
1-1: Swinging Strike
1-2: Strikes out swinging
Top of the 4th over - 0 run(s), 1 hit(s), 0 error(s), 3 left on base; Mexico City 0 - Gresham 9
BOTTOM OF THE 4TH
Gresham Gold Souls batting - Pitching for Mexico City Cerveceros : LHP Albert Alonzo
Batting: LHB Ezechiele Bruno 0-0: Foul Ball, location: 2F
0-1: Ball
1-1: Ball
2-1: Foul Ball, location: 2F
2-2: Ball
3-2: Foul Ball, location: 2F
3-2: Foul Ball, location: 2F
3-2: Fly out, F7 (Flyball, 7D)
Batting: RHB Pablo Castillo 0-0: Ball
1-0: Ball
2-0: Ball
3-0: Base on Balls
Batting: RHB Peter Hensley 0-0: Ball
1-0: Ball
2-0: Ball
3-0: Base on Balls
Pablo Castillo to second
Batting: RHB Mario Méndez 0-0: Ball
1-0: Called Strike
1-1: 3-RUN HOME RUN (Flyball, 78XD), Distance : 414 ft
Pitching: RHP Tex Perkins
Batting: LHB Millard Dye 0-0: Ball
1-0: Called Strike
1-1: Ball
2-1: Ground out U3 (Groundball, 3)
Batting: RHB Matt Davidson 0-0: Ground out 1-3 (Groundball, 15S)
Bottom of the 4th over - 3 run(s), 1 hit(s), 0 error(s), 0 left on base; Mexico City 0 - Gresham 12
TOP OF THE 5TH
Mexico City Cerveceros batting - Pitching for Gresham Gold Souls : RHP Arturo Martínez
Batting: RHB Robinson Pacheco 0-0: Foul Ball, location: 2F
0-1: Foul Ball, location: 2F
0-2: Strikes out swinging
Batting: LHB David Monahan 0-0: Called Strike
0-1: Called Strike
0-2: Foul Ball, location: 2F
0-2: Ball
1-2: Fly out, F2 (Popup, 5S)
Batting: LHB Don Soper 0-0: Ball
1-0: Ground out 6-3 (Groundball, 6)
Top of the 5th over - 0 run(s), 0 hit(s), 0 error(s), 0 left on base; Mexico City 0 - Gresham 12
BOTTOM OF THE 5TH
Gresham Gold Souls batting - Pitching for Mexico City Cerveceros : RHP Tex Perkins
Batting: RHB Elpidio Martinho 0-0: Ball
1-0: Foul Ball, location: 2F
1-1: Swinging Strike
1-2: Ball
2-2: Ball
3-2: Foul Ball, location: 2F
3-2: Base on Balls
Batting: RHB Brian Dixon 0-0: Swinging Strike
0-1: Ball
1-1: Ball
2-1: Ball
3-1: Ground out 5-3 (Groundball, 56S)
Elpidio Martinho to second
Batting: RHB Gustavo Pagán 0-0: Ball
1-0: 2-RUN HOME RUN (Line Drive, 7D), Distance : 401 ft
Batting: LHB Ezechiele Bruno 0-0: Ball
1-0: Swinging Strike
1-1: Foul Ball, location: 2F
1-2: Strikes out swinging
Batting: RHB Pablo Castillo 0-0: Ball
1-0: Ball
2-0: Ball
3-0: Called Strike
3-1: Swinging Strike
3-2: Strikes out swinging
Bottom of the 5th over - 2 run(s), 1 hit(s), 0 error(s), 0 left on base; Mexico City 0 - Gresham 14
TOP OF THE 6TH
Mexico City Cerveceros batting - Pitching for Gresham Gold Souls : RHP Arturo Martínez
Batting: SHB Richard Bowman 0-0: Called Strike
0-1: Foul Ball, location: 2F
0-2: Strikes out swinging
Batting: RHB Murai Ishihara 0-0: Called Strike
0-1: Ball
1-1: Foul Ball, location: 2F
1-2: Ball
2-2: Ball
3-2: Strikes out looking
Batting: RHB Hamilton Holbrook 0-0: Ball
1-0: Called Strike
1-1: Ball
2-1: Foul Ball, location: 2F
2-2: Ball
3-2: SINGLE (Line Drive, 7LS)
Pitching: RHP Clark Noble
Batting: RHB Luis Peña 0-0: Called Strike
0-1: Called Strike
0-2: Ball
1-2: Strikes out swinging
Top of the 6th over - 0 run(s), 1 hit(s), 0 error(s), 1 left on base; Mexico City 0 - Gresham 14
BOTTOM OF THE 6TH
Gresham Gold Souls batting - Pitching for Mexico City Cerveceros : RHP Tex Perkins
Batting: RHB Peter Hensley 0-0: Fly out, F4 (Popup, 34)
Batting: RHB Mario Méndez 0-0: Ball
1-0: Ball
2-0: Foul Ball, location: 2F
2-1: Ball
3-1: Base on Balls
Batting: LHB Millard Dye 0-0: Called Strike
0-1: 2-RUN HOME RUN (Flyball, 9LD), Distance : 356 ft
Pitching: LHP Columbo Briatori
Batting: RHB Matt Davidson 0-0: Called Strike
0-1: Ball
1-1: Foul Ball, location: 2F
1-2: Ball
2-2: Ball
3-2: Foul Ball, location: 2F
3-2: SINGLE (Line Drive, 6D)
Batting: RHB Elpidio Martinho 0-0: Ball
1-0: Ball
2-0: Swinging Strike
2-1: Ball
3-1: Foul Ball, location: 2F
3-2: Base on Balls
Matt Davidson to second
Batting: RHB Brian Dixon 0-0: Called Strike
0-1: Ball
1-1: Swinging Strike
1-2: Ball
2-2: Ball
3-2: Foul Ball, location: 2F
3-2: Base on Balls
Matt Davidson to third
Elpidio Martinho to second
Batting: RHB Gustavo Pagán 0-0: Hit by Pitch
Matt Davidson scores
Elpidio Martinho to third
Brian Dixon to second
Pinch Hitting: SHB Todd Smith 0-0: Called Strike
0-1: Called Strike
0-2: Ball
1-2: Fly out, F7 (Line Drive, 7D)
Runner from 3rd tags up, SCORES, no throw
Batting: RHB Pablo Castillo 0-0: Ball
1-0: Called Strike
1-1: Called Strike
1-2: Ball
2-2: DOUBLE (Flyball, 78D)
Brian Dixon scores
Gustavo Pagán to third
Runner from 3rd tries for Home, SAFE, no throw
Pitching: LHP Daniel Draper
Batting: RHB Peter Hensley 0-0: Called Strike
0-1: Ball
1-1: DOUBLE (Flyball, 8RXD)
Pablo Castillo scores
Batting: RHB Mario Méndez 0-0: Called Strike
0-1: Ball
1-1: Ball
2-1: Ball
3-1: Foul Ball, location: 2F
3-2: Foul Ball, location: 2F
3-2: Base on Balls
Batting: LHB Millard Dye 0-0: Ball
1-0: Called Strike
1-1: Swinging Strike
1-2: DOUBLE (Line Drive, 9LM)
Peter Hensley scores
Mario Méndez to third
Batting: RHB Matt Davidson 0-0: Called Strike
0-1: Foul Ball, location: 2F
0-2: Ball
1-2: Foul Ball, location: 2F
1-2: Foul Ball, location: 2F
1-2: Ball
2-2: Foul Ball, location: 2F
2-2: Ball
3-2: Strikes out looking
Bottom of the 6th over - 8 run(s), 5 hit(s), 0 error(s), 2 left on base; Mexico City 0 - Gresham 22
TOP OF THE 7TH
Mexico City Cerveceros batting - Pitching for Gresham Gold Souls : RHP Clark Noble
Now in RF: Todd Smith
Batting: RHB Dennis Stephenson 0-0: Foul Ball, location: 2F
0-1: Ball
1-1: SINGLE (Line Drive, 56)
Batting: LHB Gary Kern 0-0: Ball
1-0: Foul Ball, location: 2F
1-1: Called Strike
1-2: Ball
2-2: Ball
3-2: Base on Balls
Dennis Stephenson to second
Batting: RHB Robinson Pacheco 0-0: Called Strike
0-1: Foul Ball, location: 2F
0-2: Ball
1-2: Ball
2-2: Ball
3-2: Foul Ball, location: 2F
3-2: Grounds into double play, 4-6-3 (Groundball, 4)
Dennis Stephenson to third
Batting: LHB David Monahan 0-0: Ball
1-0: Foul Ball, location: 2F
1-1: Swinging Strike
1-2: Ball
2-2: Ball
3-2: Base on Balls
Batting: LHB Don Soper 0-0: Called Strike
0-1: Swinging Strike
0-2: Ball
1-2: Ball
2-2: Strikes out swinging
Top of the 7th over - 0 run(s), 1 hit(s), 0 error(s), 2 left on base; Mexico City 0 - Gresham 22
BOTTOM OF THE 7TH
Gresham Gold Souls batting - Pitching for Mexico City Cerveceros : LHP Daniel Draper
Batting: RHB Elpidio Martinho 0-0: Called Strike
0-1: Called Strike
0-2: Foul Ball, location: 2F
0-2: Foul Ball, location: 2F
0-2: Ball
1-2: Fly out, F4 (Line Drive, 4)
Batting: RHB Brian Dixon 0-0: Fly out, F6 (Line Drive, 6)
Batting: RHB Gustavo Pagán 0-0: Swinging Strike
0-1: SINGLE (Groundball, 4MD)
Batting: SHB Todd Smith 0-0: Fly out, F8 (Flyball, 8LD)
Bottom of the 7th over - 0 run(s), 1 hit(s), 0 error(s), 1 left on base; Mexico City 0 - Gresham 22
TOP OF THE 8TH
Mexico City Cerveceros batting - Pitching for Gresham Gold Souls : RHP Clark Noble
Batting: SHB Richard Bowman 0-0: Ball
1-0: Ball
2-0: Ball
3-0: Called Strike
3-1: Base on Balls
Pinch Hitting: RHB Dave Morgan 0-0: Ball
1-0: Called Strike
1-1: Ball
2-1: Swinging Strike
2-2: Strikes out swinging
Batting: RHB Hamilton Holbrook 0-0: Ball
1-0: Swinging Strike
1-1: Called Strike
1-2: Strikes out swinging
Batting: RHB Luis Peña 0-0: Fielders Choice at 2nd, 6-4 (Groundball, 6)
Top of the 8th over - 0 run(s), 0 hit(s), 0 error(s), 0 left on base; Mexico City 0 - Gresham 22
BOTTOM OF THE 8TH
Gresham Gold Souls batting - Pitching for Mexico City Cerveceros : LHP Daniel Draper
Now at 1B: Orlando Núñes
Batting: RHB Pablo Castillo 0-0: Ball
1-0: Ball
2-0: Foul Ball, location: 2F
2-1: Ball
3-1: Foul Ball, location: 2F
3-2: SINGLE (Line Drive, 6MD)
Pitching: RHP Raúl Gómez
Batting: RHB Peter Hensley 0-0: Called Strike
0-1: Ball
1-1: Ball
2-1: Foul Ball, location: 2F
2-2: Ball
3-2: Fly out, F9 (Line Drive, 9LM)
Batting: RHB Mario Méndez 0-0: Called Strike
0-1: Ball
1-1: Foul Ball, location: 2F
1-2: SINGLE (Groundball, 56D)
Pablo Castillo to second
Batting: LHB Millard Dye 0-0: Ball
1-0: Swinging Strike
1-1: Ball
2-1: Foul Ball, location: 2F
2-2: Foul Ball, location: 2F
2-2: Ball
3-2: Foul Ball, location: 2F
3-2: Foul Ball, location: 2F
3-2: Base on Balls
Pablo Castillo to third
Mario Méndez to second
Batting: RHB Matt Davidson 0-0: Ball
1-0: Called Strike
1-1: Fly out, F9 (Flyball, 9LS)
Pinch Hitting: SHB Sean Carr 0-0: Foul Ball, location: 2F
0-1: Fly out, F9 (Flyball, 9S)
Bottom of the 8th over - 0 run(s), 2 hit(s), 0 error(s), 3 left on base; Mexico City 0 - Gresham 22
TOP OF THE 9TH
Mexico City Cerveceros batting - Pitching for Gresham Gold Souls : RHP Clark Noble
Now at 3B: Willie Houk
Now at SS: Gabriel Miranda
Pinch Hitting: RHB Júlio López 0-0: Ball
1-0: Called Strike
1-1: Ball
2-1: Foul Ball, location: 2F
2-2: Strikes out swinging
Batting: LHB Gary Kern 0-0: Ground out U3 (Groundball, 34)
Batting: RHB Robinson Pacheco 0-0: Foul Ball, location: 2F
0-1: Ground out 4-3 (Groundball, 4)
Top of the 9th over - 0 run(s), 0 hit(s), 0 error(s), 0 left on base; Mexico City 0 - Gresham 22
Tuesday, August 8th, 2017 - OOTP Baseball 17.12 Build 75